 Dungeon Sprint DCSS version 0.20.1-1-g8b1a95d (webtiles) character file.

5058 potatolord6000 the Apostle (level 10, -22/102 HPs)
             Began as a Hill Orc Fighter on Sept 8, 2017.
             Was a High Priest of Beogh.
             Annihilated by a hellwing (31 damage)
             ... summoned by an orc high priest
             ... in the Dungeon (Sprint VII: "The Pits").
             The game lasted 00:08:02 (1557 turns).

potatolord6000 the Apostle (Hill Orc Fighter)       Turns: 1557, Time: 00:08:03

Health: -22/102    AC: 20    Str: 23    XL:     10   Next: 56%
Magic:  20/20      EV:  7    Int: 14    God:    Beogh [*****.]
Gold:   0          SH:  0    Dex: 10    Spells: 9/9 levels left

rFire    . . .     SeeInvis .   r - +2 halberd (venom)
rCold    . . .     Gourm    .   (shield currently unavailable)
rNeg     . . .     Faith    .   l - +3 plate armour
rPois    .         Spirit   .   (no helmet)
rElec    .         Reflect  .   (no cloak)
rCorr    .         Harm     .   c - +0 pair of gloves
MR       .....     NoTele   +   (no boots)
Stlth    ..........             (no amulet)
Regen    0.3/turn               b - +3 ring of intelligence
MPRegen  0.2/turn               d - +3 ring of intelligence

@: sleeping, slowed
A: walk on water
a: Smiting, Recall Orcish Followers, Give Item to Named Follower, Renounce
Religion


You were in the Dungeon.
You worshipped Beogh.
Beogh was extremely pleased with you.
You were full.

You visited 1 branch

Inventory:

Hand Weapons
 r - a +2 halberd of venom (weapon)
Armour
 c - a +0 pair of gloves (worn)
 l - a +3 plate armour (worn)
Jewellery
 b - a +3 ring of intelligence (left hand)
 d - a +3 ring of intelligence (right hand)
Scrolls
 k - a scroll of blinking
 m - 3 scrolls of remove curse
 n - 5 scrolls of amnesia
 o - a scroll of summoning
Potions
 a - a potion of invisibility
 e - 4 potions of curing
 g - 4 potions of heal wounds
 h - 3 potions of agility
 i - 4 potions of magic
 j - 4 potions of berserk rage
 s - a potion of might
Comestibles
 f - 8 bread rations
 p - 40 fruits
 q - 5 meat rations


   Skills:
 + Level 13.8 Fighting
 + Level 12.5 Polearms
 + Level 12.7 Armour
   Level 11.1 Shields
 + Level 13.9 Invocations


You had 9 spell levels left.
You didn't know any spells.

Dungeon Overview and Level Annotations

Branches:
Dungeon (1/1)

Altars:
Ashenzari
Cheibriados
Dithmenos
Elyvilon
Fedhas
Gozag
Hepliaklqana
Kikubaaqudgha
Makhleb
Nemelex Xobeh
Okawaru
Qazlal
Ru
Sif Muna
Trog
Uskayaw
Vehumet
Xom
Yredelemnul
Zin
The Shining One
Beogh
Jiyva
Lugonu


Message History

The dream sheep struggles to resist.
The smoke demon hits your orc warrior. x2
The smoke demon closely misses your orc warrior.
The orc warrior hits Jorge but does no damage.
The dream sheep are wreathed in dream dust.
You feel drowsy...
You fall asleep.
Your orc warrior hits the smoke demon with a hand axe.
The hellwing swoops through the air toward you!
The hellwing hits you but does no damage. x2
The dream sheep bites Jorge.
Your orc high priest hits the dream sheep with a trident!
The smoke demon hits your orc warrior but does no damage.
The smoke demon hits your orc warrior.
The smoke demon misses your orc warrior.
Jorge closely misses the dream sheep.
As the sheep sparkle and sway, your orc high priest falls asleep.
The orc warrior barely misses Jorge.
Your orc warrior hits the smoke demon with a hand axe!
The hellwing hits you!!
You die...
Beogh appreciates the hellwing's killing of a heretic priest.

.#))#####'#####''######
##))##.......##')#####
.#))##.......##.(....+ +
.#..##.......##.)....+ .+
.#'###...<...##.)(..##..#
....##.......##...###....
....##.......##..##......
######.......##'4#...#..#
##.. ##########o@))......
.#.############oo#o3.#..#
##.#....#..[[##Yo##......
.#)#(...#...[##YoY ##....
##.())..'..))##.Y4( ..#
.#รท#)...#..))###.... .+
.'.#...(#!.))# ###).. +
############## ####


You could see an orc high priest, a hellwing, a rust devil, a smoke demon, an
orc warrior, 4 dream sheep, a friendly orc high priest (sleeping), 2 friendly
orc warriors and the friendly Jorge the orc warrior.

Vanquished Creatures
  A hydra (D)
  A two-headed ogre (D)
  A salamander mystic (D)
  A cyclops (D)
  A naga mage (D)
  A bog body (D)
  2 dream sheep (D)
  3 nagas (D)
  A warg (D)
  A floating eye (D)
  A black bear (D)
  2 orc warriors (D)
  A bullfrog (D)
  A gnoll sergeant (D)
  4 wights (D)
  A hound (D)
  A jelly (D)
  A worker ant (D)
  A mummy (D)
  3 gnolls (D)
  3 river rats (D)
  A white imp (D)
  An ufetubus (D)
  An ooze (D)
  A leopard gecko (D)
  A bat (D)
  A giant cockroach (D)
  A hobgoblin (D)
  3 jackals (D)
  A kobold (D)
  A giant cockroach zombie (D)
  A rat (D)
45 creatures vanquished.

Vanquished Creatures (collateral kills)
  An orc high priest (D)
  A gargoyle (D)
  An orc wizard (D)
  A dream sheep (D)
  A hungry ghost (D)
  A warg (D)
  2 gnolls (D)
8 creatures vanquished.

Vanquished Creatures (others)
  A tyrant leech (D)
  2 orc warriors (D)
  An orc priest (D)
  2 orc wizards (D)
  3 orcs (D)
9 creatures vanquished.

Grand Total: 62 creatures vanquished

Notes
Turn   | Place    | Note
-------+----------+-------------------------------------------
     0 | D        | potatolord6000 the Hill Orc Fighter began the quest for the Orb.
     0 | D        | Reached XP level 1. HP: 19/19 MP: 1/1
    14 | D        | Reached XP level 2. HP: 28/28 MP: 2/2
    45 | D        | Found a bloodstained altar of Trog.
    45 | D        | Found a deep blue altar of Sif Muna.
    45 | D        | Found a viscous altar of Jiyva.
    45 | D        | Found a hazy altar of Hepliaklqana.
    45 | D        | Found an opulent altar of Gozag.
    46 | D        | Found a glowing golden altar of the Shining One.
    46 | D        | Found a glowing silver altar of Zin.
    46 | D        | Found a basalt altar of Yredelemnul.
    46 | D        | Found a shimmering altar of Xom.
    46 | D        | Found a sacrificial altar of Ru.
    46 | D        | Found a stormy altar of Qazlal.
    46 | D        | Found an iron altar of Okawaru.
    46 | D        | Found a sparkling altar of Nemelex Xobeh.
    46 | D        | Found a burning altar of Makhleb.
    46 | D        | Found a blossoming altar of Fedhas.
    46 | D        | Found a white marble altar of Elyvilon.
    46 | D        | Found a shadowy altar of Dithmenos.
    46 | D        | Found a snail-covered altar of Cheibriados.
    48 | D        | Found a radiant altar of Vehumet.
    48 | D        | Found a corrupted altar of Lugonu.
    48 | D        | Found a roughly hewn altar of Beogh.
    50 | D        | Found an ancient bone altar of Kikubaaqudgha.
    50 | D        | Found a hide-covered altar of Uskayaw.
    50 | D        | Found a shattered altar of Ashenzari.
    58 | D        | Became a worshipper of Beogh the Brigand
   303 | D        | Reached * piety under Beogh
   303 | D        | Reached skill level 5 in Fighting
   309 | D        | Reached skill level 1 in Invocations
   309 | D        | Reached XP level 3. HP: 34/36 MP: 3/3
   312 | D        | Reached ** piety under Beogh
   340 | D        | Reached skill level 5 in Armour
   340 | D        | Reached skill level 5 in Shields
   340 | D        | Reached XP level 4. HP: 16/44 MP: 3/5
   354 | D        | Reached *** piety under Beogh
   641 | D        | Noticed a floating eye
   642 | D        | Noticed a black bear
   643 | D        | Noticed a gnoll sergeant
   645 | D        | Paralysed by a floating eye for 3 turns
   649 | D        | Killed a floating eye
   649 | D        | Reached skill level 5 in Polearms
   649 | D        | Reached skill level 5 in Invocations
   649 | D        | Reached XP level 5. HP: 41/52 MP: 3/8
   663 | D        | Reached XP level 6. HP: 46/61 MP: 1/10
   667 | D        | Reached **** piety under Beogh
   683 | D        | Killed a black bear
   689 | D        | Reached ***** piety under Beogh
   689 | D        | Reached XP level 7. HP: 51/69 MP: 4/12
   863 | D        | Noticed an eight-headed hydra
   866 | D        | Killed an eight-headed hydra
   866 | D        | Reached skill level 10 in Fighting
   866 | D        | Reached skill level 10 in Invocations
   866 | D        | Reached XP level 8. HP: 45/80 MP: 7/15
  1034 | D        | Noticed a naga mage
  1034 | D        | Noticed a salamander mystic
  1034 | D        | Noticed a tyrant leech
  1045 | D        | Killed a tyrant leech
  1045 | D        | Reached skill level 10 in Armour
  1047 | D        | Reached skill level 10 in Shields
  1052 | D        | Reached XP level 9. HP: 43/89 MP: 15/17
  1055 | D        | Killed a naga mage
  1055 | D        | Reached skill level 10 in Polearms
  1057 | D        | Killed a salamander mystic
  1079 | D        | Reached ****** piety under Beogh
  1359 | D        | Noticed a cyclops
  1359 | D        | Noticed an orc high priest
  1361 | D        | Killed a cyclops
  1361 | D        | Gained Jorge as an ally
  1364 | D        | Noticed a red devil
  1367 | D        | Killed an orc high priest
  1367 | D        | Reached XP level 10. HP: 62/100 MP: 4/19
  1521 | D        | Noticed a gargoyle
  1522 | D        | Noticed a two-headed ogre
  1527 | D        | Killed a two-headed ogre
  1529 | D        | Killed a gargoyle
  1534 | D        | Noticed an orc high priest
  1551 | D        | Noticed a rust devil
  1555 | D        | Noticed a smoke demon
  1557 | D        | Annihilated by a hellwing

Skill      XL: |  1  2  3  4  5  6  7  8  9 10 |
---------------+-------------------------------+-----
Fighting       | 4 5 7 8 10 11 12 13 | 13.8
Polearms       | 3 4 5 6 7 9 11 12 | 12.5
Armour         | 4 5 6 7 8 9 10 11 12 | 12.7
Shields        | 4 5 6 8 9 10 11 | 11.1
Invocations    | 1 2 5 6 7 10 12 13 | 13.9

Action                   |  1- 3 |  4- 6 |  7- 9 | 10-12 || total
-------------------------+-------+-------+-------+-------++-------
Melee: Trident           |    28 |    53 |    56 |       ||   137
       Halberd           |       |       |     3 |    18 ||    21
Invok: Smiting           |       |     2 |    13 |     1 ||    16
       Resurrection      |       |       |       |     1 ||     1
  Use: Potion            |     2 |     2 |     7 |     1 ||    12
 Stab: Invisible         |       |       |     3 |       ||     3
  Eat: Meat ration       |       |       |       |     2 ||     2
Armor: Scale mail        |    18 |    12 |       |       ||    30
       Plate armour      |       |    30 |    54 |    11 ||    95
Dodge: Dodged            |    11 |    18 |    14 |     6 ||    49
Block: Shield            |    21 |    40 |    52 |       ||   113
